 Dungeon Crawl Stone Soup version 0.21.1-1-g345015f (webtiles) character file.

663 lrcuk01 the Skirmisher (level 7, 0/62 HPs)
             Began as a Minotaur Berserker on Feb 5, 2018.
             Was a Priest of Trog.
             Succumbed to a water moccasin's poison
             ... on level 5 of the Dungeon.
             The game lasted 00:39:14 (4115 turns).

lrcuk01 the Skirmisher (Minotaur Berserker)         Turns: 4115, Time: 00:39:15

Health: 0/62       AC:  8    Str: 24    XL:     7   Next: 31%
Magic:  6/6        EV: 12    Int:  4    God:    Trog [***...]
Gold:   22         SH:  0    Dex:  9    Spells: 6/6 levels left

rFire    . . .     SeeInvis .   q - +2 mace (protect)
rCold    . . .     Gourm    +   (no shield)
rNeg     . . .     Faith    .   k - +0 scale mail
rPois    .         Spirit   .   (helmet restricted)
rElec    .         Reflect  .   (no cloak)
rCorr    .         Harm     .   (no gloves)
MR       .....                  i - +0 pair of boots
Stlth    ..........             f - amulet of the gourmand
HPRegen  0.20/turn              (no ring)
MPRegen  0.10/turn              (no ring)

@: lethally poisoned (0 -> -15)
A: retaliatory headbutt, horns 2
a: Berserk, Trog's Hand, Burn Spellbooks, Renounce Religion


You were on level 5 of the Dungeon.
You worshipped Trog.
Trog was most pleased with you.
You were very full.

You visited 1 branch of the dungeon, and saw 6 of its levels.

You collected 158 gold pieces.
You spent 136 gold pieces at shops.

Inventory:

Hand Weapons
 a - a +0 hand axe
 j - a +1 short sword of protection
 p - a +0 long sword
 q - a +2 mace of protection (weapon)
 r - a +0 glaive
 t - a +0 giant club
Missiles
 d - 57 poisoned needles
 o - 20 bolts
Armour
 b - a +0 animal skin
 e - a +0 leather armour
 h - a +0 ring mail
 i - a +0 pair of boots (worn)
 k - a +0 scale mail (worn)
 m - a cursed +0 leather armour
 s - a cursed +0 leather armour
Jewellery
 f - an amulet of the gourmand (around neck)
 l - a +4 ring of slaying {unknown}
Wands
 w - a wand of digging (18)
Scrolls
 g - 3 scrolls of identify
 v - 2 scrolls of remove curse
Potions
 n - a potion of curing
Comestibles
 c - 9 rations


   Skills:
 + Level 5.8 Fighting
 + Level 2.6 Short Blades
 + Level 5.3(5.5) Axes
 + Level 1.6(3.7) Maces & Flails
 + Level 4.8 Armour
 + Level 4.5 Dodging
 + Level 0.7 Stealth


You had 6 spell levels left.
You didn't know any spells.

Dungeon Overview and Level Annotations

Branches:
Dungeon (6/15)
 Temple: D:4-7

Altars:
Gozag
Kikubaaqudgha
Ru

Shops:
D:5 ::(


Innate Abilities, Weirdness & Mutations

You reflexively headbutt those who attack you in melee.
You have a pair of horns on your head.


Message History

* * * LOW HITPOINT WARNING * * *
You feel sick.
There is an open door here.
Found a scroll of teleportation.
You feel sick. The water moccasin closely misses you. You furiously retaliate!
You headbutt the water moccasin.
You feel sick.
You feel sick. The water moccasin barely misses you.
You see here a scroll of teleportation.
You feel sick.
A scorpion comes into view.
You feel sick. The water moccasin bites you.
* * * LOW HITPOINT WARNING * * *
You are more poisoned.
The water moccasin poisons you!
There is a stone staircase leading up here.
* * * LOW HITPOINT WARNING * * *
You feel sick. The water moccasin closely misses you.
You climb upwards.
You die...

###...######.###########<#
#........................#####
#.......####.#######..........
#.......# #.# #.#########
###...### #.# #.# # #...# #.#
#.# # ###.# #.# #.#########
#.# #S#######.#........ #.#
#.@............####
#.######.........#.##.# #
#........#########.##.# #
########## #.##.# # #.##.####
#.##..... #.####### #.# #.#


You could see a water moccasin.

Vanquished Creatures
  2 ogres
  A phantom (D:4)
  A scorpion (D:5)
  A howler monkey (D:4)
  2 hounds (D:5)
  2 iguanas
  2 worker ants (D:5)
  A worker ant zombie (D:5)
  A howler monkey skeleton (D:4)
  5 adders
  A shadow imp (D:5)
  An ooze (D:5)
  An adder skeleton (D:5)
  A worm (D:5)
  2 dart slugs
  3 leopard geckos (D:5)
  2 orcs (D:3)
  6 bats
  2 giant cockroaches
  7 goblins
  10 hobgoblins
  7 jackals
  3 kobolds
  2 quokkas (D:3)
  3 ball pythons
  7 frilled lizards
  A jackal zombie (D:5)
  6 rats
83 creatures vanquished.

Notes
Turn   | Place    | Note
-------+----------+-------------------------------------------
     0 | D:1      | lrcuk01 the Minotaur Berserker began the quest for the Orb.
     0 | D:1      | Reached XP level 1. HP: 19/19 MP: 0/0
   444 | D:1      | Reached XP level 2. HP: 24/27 MP: 1/1
  1052 | D:2      | Reached XP level 3. HP: 33/33 MP: 2/2
  1400 | D:2      | Reached ** piety under Trog
  1763 | D:3      | Reached XP level 4. HP: 39/41 MP: 3/3
  1872 | D:3      | Found an opulent altar of Gozag.
  2371 | D:4      | Found an ancient bone altar of Kikubaaqudgha.
  2450 | D:4      | Reached XP level 5. HP: 47/47 MP: 4/4
  2463 | D:4      | Noticed a phantom
  2511 | D:4      | Killed a phantom
  2511 | D:4      | Reached skill level 5 in Fighting
  2511 | D:4      | Reached skill level 1 in Short Blades
  2511 | D:4      | Reached skill level 5 in Axes
  2538 | D:4      | Found a sacrificial altar of Ru.
  2718 | D:4      | Reached XP level 6. HP: 48/56 MP: 5/5
  3081 | D:5      | Entered Level 5 of the Dungeon
  3176 | D:5      | Reached *** piety under Trog
  3294 | D:5      | Found Baesosyena's Book Shoppe.
  3442 | D:5      | Reached XP level 7. HP: 39/61 MP: 6/6
  3672 | D:5      | Found Wesomp's Book Boutique.
  3676 | D:5      | Found Zunem's Antique Weapon Shop.
  3680 | D:5      | Bought a glaive for 136 gold pieces
  3899 | D:5      | Reached skill level 1 in Maces & Flails
  4113 | D:6      | HP: 3/62 [water moccasin (2)]
  4115 | D:5      | Succumbed to a water moccasin's poison

Skill      XL: |  1  2  3  4  5  6  7 |
---------------+----------------------+-----
Fighting       | 4 5 |  5.8
Axes           | 4 5 |  5.3
Armour         | 3 4 |  4.8
Dodging        | 3 4 |  4.5
Short Blades   | 1 2 |  2.6
Maces & Flails | 1 |  1.6
Stealth        | |  0.7

Action                   |  1- 3 |  4- 6 |  7- 9 || total
-------------------------+-------+-------+-------++-------
Melee: Hand axe          |    79 |       |       ||    79
       Headbutt          |    18 |    20 |     2 ||    40
       Short sword       |    21 |    78 |       ||    99
       Mace              |       |    24 |    21 ||    45
  Use: Scroll            |     3 |     4 |       ||     7
       Potion            |       |     5 |     1 ||     6
  Eat: Chunk             |     6 |    14 |     1 ||    21
Armor: Leather armour    |    15 |       |       ||    15
       Ring mail         |     7 |       |       ||     7
       Scale mail        |     1 |    39 |     9 ||    49
Dodge: Dodged            |    68 |    61 |    13 ||   142
